 Dungeon Crawl Stone Soup version 0.18.1-48-g4cf74bf (webtiles) character file.

860 raph the Destroyer (level 7, -5/27 HPs)
             Began as a Felid Conjurer on June 28, 2016.
             Was a Priest of Vehumet.
             Killed by divine providence
             ... invoked by an orc priest
              (17 damage)
             ... on level 8 of the Dungeon.
             The game lasted 00:19:54 (9408 turns).

raph the Destroyer (Felid Conjurer)                 Turns: 9408, Time: 00:19:55

Health: -5/27      AC:  2    Str:  4    XL:     7   Next: 71%
Magic:  7/15       EV: 19    Int: 21    God:    Vehumet [***...]
Gold:   105        SH:  0    Dex: 17    Spells: 5 memorised, 2 levels left
                                        Lives:  0   Deaths: 2

rFire  . . .     SeeInvis +     (weapon unavailable)
rCold  . . .     Gourm    .     (armour unavailable)
rNeg   . . .     Faith    .     (shield unavailable)
rPois  .         Spirit   .     (helmet unavailable)
rElec  .         Dismiss  .     (cloak unavailable)
rCorr  .         Reflect  .     (gloves unavailable)
SustAt .         Harm     .     (boots unavailable)
MR     +....                    g - amulet of magic regeneration
Stlth  +++.......               t - +3 ring of intelligence
                                i - +1 ring of evasion

@: quick, somewhat resistant to hostile enchantments, fairly stealthy
A: no armour, no weapons or thrown items, claws 1, fangs 3, see invisible,
carnivore 3, speed 1, shaggy fur 2, slow metabolism 1, sharp paws
a: Renounce Religion


You were on level 8 of the Dungeon.
You worshipped Vehumet.
Vehumet was most pleased with you.
You were not hungry.

You visited 2 branches of the dungeon, and saw 9 of its levels.

You collected 321 gold pieces.
You spent 216 gold pieces at shops.

Inventory:

Jewellery
 g - an amulet of magic regeneration (around neck)
 i - a +1 ring of evasion (left paw)
 l - an uncursed ring of protection from fire
 t - a +3 ring of intelligence (right paw)
Wands
 j - a wand of polymorph (7/24)
 r - a wand of disintegration (15/24)
 s - a wand of disintegration (7/24)
 v - a wand of iceblast (8/15)
 A - a wand of digging (8/24)
Scrolls
 e - 2 scrolls of magic mapping
 h - a scroll of fear
 k - 6 scrolls of remove curse
 u - a scroll of teleportation
 x - a scroll of identify
 y - a scroll of fog {unknown}
Potions
 m - a potion of curing
 n - a potion of might
 o - a potion of heal wounds
 p - a potion of flight
 q - a potion of brilliance
 w - 2 potions of lignification {unknown}
 z - a potion of resistance {unknown}
 B - 2 potions of berserk rage {unknown}
 C - a potion of haste {unknown}
Books
 a - a book of Conjurations

   Spells                             Type                      Level
   a - Magic Dart                     Conjuration                  1
   b - Searing Ray                    Conjuration                  2
   c - Dazzling Spray                 Conjuration/Hexes            3
   d - Fulminant Prism                Conjuration/Hexes            4
   e - Iskenderun's Mystic Blast      Conjuration                  4
   f - Iskenderun's Battlesphere      Conjuration/Charms           5
Comestibles
 b - 6 meat rations
 c - 3 slices of pizza
 d - a royal jelly
 f - 3 beef jerkies


   Skills:
 - Level 2.6 Dodging
 - Level 2.6 Stealth
 + Level 5.2 Spellcasting
 * Level 8.6 Conjurations
 - Level 1.9 Hexes
 + Level 3.2 Evocations


You had 2 spell levels left.
You knew the following spells:

 Your Spells              Type           Power        Failure   Level  Hunger
a - Magic Dart            Conj           ####         1%          1    None
b - Searing Ray           Conj           #####.       1%          2    None
c - Dazzling Spray        Conj/Hex       ####..       1%          3    ##.....
d - Iskenderun's Mystic   Conj           #####...     1%          4    ####...
e - Fulminant Prism       Conj/Hex       ####......   4%          4    ####...


Dungeon Overview and Level Annotations

Branches:
Dungeon (7/15)             Temple (1/1) D:5

Altars:
Cheibriados
Dithmenos
Elyvilon
Fedhas
Gozag
Kikubaaqudgha
Makhleb
Nemelex Xobeh
Okawaru
Pakellas
Qazlal
Ru
Sif Muna
Trog
Vehumet
Xom
Yredelemnul
Zin
The Shining One

Shops:
D:4 %   D:6 *:*[?

Annotations:
D:4 kolakolka's ghost, amateur FoFi
D:6 exclusion: oklob plant, Prince Ribbit; nikopol's ghost, novice MiBe
D:7 exclusion: oklob plant


Innate Abilities, Weirdness & Mutations

You cannot wear armour.
You are incapable of wielding weapons or throwing items.
You have sharp claws.
You have razor-sharp teeth.
You have supernaturally acute eyesight.
You are carnivorous and can eat meat at any time.
You cover ground quickly.
You are covered in thick fur (AC +2).
You have a slow metabolism.
Your sharp claws are effective at attacking unaware monsters.


Message History

The magic dart hits the orc warrior.
The orc warrior is almost dead.
Casting: Magic Dart
Confirm with . or Enter, or press ? or * to list all spells.
Aiming: Magic Dart
Press: ? - help, Shift-Dir - straight line, f/p - orc warrior
Aim: an orc warrior, wielding a glaive and wearing a plate armour (almost dead)
The magic dart hits the orc warrior.
The orc warrior is almost dead.
Casting: Magic Dart
Confirm with . or Enter, or press ? or * to list all spells.
Aiming: Magic Dart
Press: ? - help, Shift-Dir - straight line, f/p - orc warrior
Aim: an orc warrior, wielding a glaive and wearing a plate armour (almost dead)
The magic dart hits the orc warrior.
The orc warrior is almost dead.
The orc priest invokes the aid of Beogh against you.
Beogh smites you!
Ouch! That really hurt!
You die...

...o #.)# ..
#o. ... ##.#
...# #.o#
....###..#
#.......##
##......#
##....@#
#.....##
##......#
#.......#####
#......%#....#
#.......##.####
.......####.##
........####.#
..........##..#


You could see an orc warrior and an orc priest.

Vanquished Creatures
  Menkaure (D:7)
  2 ogres
  3 giant frogs
  2 scorpions (D:5)
  3 wights (D:6)
  A crimson imp (D:5)
  A centaur zombie (D:6)
  3 hounds
  A jelly (D:8)
  A centaur skeleton (D:4)
  A gnoll shaman (D:6)
  4 orc wizards
  3 worker ants (D:6)
  A killer bee zombie (D:8)
  A hound skeleton (D:6)
  7 gnolls
  11 adders
  A shadow imp (D:6)
  4 oozes
  5 worms
  5 dart slugs
  5 giant geckos
  17 orcs
  4 ball pythons
  5 giant cockroaches
  10 hobgoblins
  9 jackals (D:6)
  7 kobolds
  4 quokkas
  A ball python skeleton (D:4)
  10 bats
  A giant gecko skeleton (D:4)
  5 giant newts
  7 goblins
  A quokka zombie (D:5)
  6 rats
153 creatures vanquished.

Vanquished Creatures (others)
  A scorpion (D:5)
  9 fulminant prisms
  4 fungi (D:7)
14 creatures vanquished.

Grand Total: 167 creatures vanquished

Notes
Turn   | Place    | Note
--------------------------------------------------------------
     0 | D:1      | raph the Felid Conjurer began the quest for the Orb.
     0 | D:1      | Reached XP level 1. HP: 7/7 MP: 4/4
   418 | D:1      | Found an iron altar of Okawaru.
   423 | D:1      | Reached XP level 2. HP: 11/11 MP: 3/6
   455 | D:1      | Learned a level 2 spell: Searing Ray
   558 | D:1      | Reached skill level 4 in Conjurations
  1334 | D:2      | Found a radiant altar of Vehumet.
  1334 | D:2      | Found a burning altar of Makhleb.
  1334 | D:2      | Found a glowing golden altar of the Shining One.
  1338 | D:2      | Became a worshipper of Vehumet
  1406 | D:2      | Reached XP level 3. HP: 14/14 MP: 3/7
  1449 | D:2      | Learned a level 3 spell: Dazzling Spray
  1858 | D:2      | Reached skill level 1 in Hexes
  1980 | D:2      | Found a snail-covered altar of Cheibriados.
  2052 | D:2      | Reached XP level 4. HP: 18/18 MP: 5/8
  2790 | D:3      | Reached skill level 5 in Conjurations
  2841 | D:3      | Slain by an adder
  2842 | D:3      | Reached XP level 3. HP: -3/14 MP: 0/7
  2963 | D:3      | Reached * piety under Vehumet
  2963 | D:3      | Offered knowledge of Sandblast by Vehumet.
  3197 | D:3      | Reached XP level 4. HP: 18/18 MP: 3/9
  3648 | D:3      | Found a blossoming altar of Fedhas.
  4169 | D:4      | Found Seamec's Food Emporium.
  4177 | D:4      | Reached XP level 5. HP: 8/21 MP: 2/10
  4347 | D:4      | Learned a level 4 spell: Iskenderun's Mystic Blast
  4668 | D:4      | Noticed kolakolka's ghost (amateur FoFi)
  4769 | D:5      | Entered Level 5 of the Dungeon
  4952 | D:5      | Reached skill level 6 in Conjurations
  4952 | D:5      | Gained mutation: You are covered in thick fur (AC +2). [Felid growth]
  4952 | D:5      | Reached XP level 6. HP: 24/24 MP: 7/12
  5249 | D:5      | Offered knowledge of Throw Flame by Vehumet.
  5343 | D:5      | Reached ** piety under Vehumet
  5953 | D:4      | Reached XP level 7. HP: 27/27 MP: 3/14
  5988 | D:4      | Reached skill level 7 in Conjurations
  6048 | D:4      | Found an iron altar of Okawaru.
  6171 | D:4      | Learned a level 4 spell: Fulminant Prism
  6524 | D:5      | Found a sparkling altar of Nemelex Xobeh.
  6564 | D:5      | Found a staircase to the Ecumenical Temple.
  6573 | Temple   | Entered the Ecumenical Temple
  7017 | D:6      | Found Vuen's Book Emporium.
  7123 | D:6      | Found Hefalita's Assorted Antiques.
  7169 | D:6      | Bought a ruby ring for 120 gold pieces
  7172 | D:6      | Bought a curved iron wand for 96 gold pieces
  7512 | D:6      | Offered knowledge of Ignite Poison by Vehumet.
  7590 | D:6      | Found Naotaj's Magic Scroll Shoppe.
  7600 | D:6      | Found an ancient bone altar of Kikubaaqudgha.
  7600 | D:6      | Noticed an oklob plant
  7950 | D:6      | Reached skill level 1 in Evocations
  8048 | D:6      | Found Oshry's Assorted Antiques.
  8088 | D:6      | Found a white marble altar of Elyvilon.
  8218 | D:6      | Reached XP level 8. HP: 31/31 MP: 3/16
  8241 | D:6      | Reached skill level 8 in Conjurations
  8294 | D:6      | Noticed Prince Ribbit
  8443 | D:6      | Found Takhloa's Antique Armour Shop.
  8684 | D:6      | Noticed nikopol's ghost (novice MiBe)
  8801 | D:7      | Reached skill level 5 in Spellcasting
  8802 | D:7      | Slain by a giant frog
  8803 | D:7      | Reached XP level 7. HP: -2/27 MP: 2/15
  8986 | D:7      | Noticed an oklob plant
  9011 | D:7      | Reached *** piety under Vehumet
  9067 | D:7      | Noticed Menkaure
  9071 | D:7      | Killed Menkaure
  9114 | D:7      | You fall through a shaft!
  9408 | D:8      | Killed from afar by an orc priest

Skill      XL: |  1  2  3  4  5  6  7  8 |
---------------+-------------------------+-----
Conjurations   | 4 5 6 7 8 |  8.6
Hexes          | 1 |  1.9
Spellcasting   | 3 4 5 |  5.2
Evocations     | 3 |  3.2
Dodging        | |  2.6
Stealth        | |  2.6

Action                   |  1- 3 |  4- 6 |  7- 9 || total
-------------------------+-------+-------+-------++-------
Melee: Unarmed           |     3 |     5 |     2 ||    10
       Bite              |       |     1 |       ||     1
 Cast: Magic Dart        |    91 |   136 |    90 ||   317
       Searing Ray       |     1 |    18 |     5 ||    24
       Dazzling Spray    |     1 |     6 |     6 ||    13
       Iskenderun's Myst |       |     8 |    31 ||    39
       Fulminant Prism   |       |       |     9 ||     9
  Use: Scroll            |       |     7 |     4 ||    11
  Eat: Chunk             |    15 |    10 |    13 ||    38
Armor: Skin              |     3 |     2 |     4 ||     9
Dodge: Dodged            |    14 |    53 |    38 ||   105
